 Dungeon Crawl Stone Soup version 0.30-a0-691-g754fce4c43 (webtiles) character file.

Game seed: 15020855945770023086

174120 Newt the Impaler (level 17, -5/132 (136) HPs)
             Began as a Demonspawn Gladiator on Jan 19, 2023.
             Was the Champion of Makhleb.
             Killed from afar by a swamp worm (8 damage)
             ... with a harpoon shot
             ... called by a spriggan druid
             ... on level 2 of the Swamp.
             The game lasted 00:52:51 (28820 turns).

Newt the Impaler (Demonspawn Gladiator)            Turns: 28820, Time: 00:52:51

HP:   -5/132 (136)  AC: 18    Str: 22    XL:     17   Next: 19%
MP:   24/27         EV: 13    Int: 10    God:    Makhleb [******]
Gold: 1640          SH:  0    Dex: 15    Spells: 13/16 levels left

rFire   + . .      SeeInvis .    B - +9 trident (venom)
rCold   . . .      Faith    .    (no shield)
rNeg    + . .      Spirit   .    I - +4 troll leather armour
rPois   +          Reflect  .    c - +1 helmet
rElec   .          Harm     .    V - +1 cloak {rPois}
rCorr   .          Rampage  .    (gloves unavailable)
Will    +....                    H - +0 pair of boots
Stlth   ++                       K - amulet of regeneration
HPRegen 2.02/turn                L - ring of positive energy
MPRegen 0.20/turn                N - +4 ring of slaying

@: lightly drained
A: claws 3, rugged brown scales 3, ignite blood 2, powered by death 1, fire
resistance 1, shaggy fur 1, sturdy frame 1, noise suppression
}: 1/15 runes: serpentine
a: Renounce Religion, Minor Destruction, Lesser Servant of Makhleb, Major
Destruction, Greater Servant of Makhleb


You were on level 2 of the Swamp.
You worshipped Makhleb.
Makhleb was exalted by your worship.
You visited 6 branches of the dungeon, and saw 25 of its levels.
You also visited: Gauntlet.

You collected 2357 gold pieces.
You spent 717 gold pieces at shops.

Inventory:

Hand Weapons
 y - a +4 trident of protection
 B - a +9 trident of venom (weapon)
 F - a +0 demon trident of pain
Missiles
 r - 9 throwing nets
Armour
 c - a +1 helmet (worn)
 n - the +1 leather armour of Noon {rCorr Dex+2}
   (You found it on level 2 of the Dungeon)

   Dex:       It affects your dexterity (+2).
   rCorr:     It protects you from acid and corrosion.
 z - a +2 scale mail of cold resistance
 H - a +0 pair of boots (worn)
 I - a +4 troll leather armour (worn)
 M - the +3 chain mail "Vyvutisk" {Int+3}
   (You bought it in a shop on level 2 of the Orcish Mines)

   Int:       It affects your intelligence (+3).
 V - a +1 cloak of poison resistance (worn)
Jewellery
 f - a +5 ring of evasion
 k - a ring of wizardry
 K - an amulet of regeneration (around neck)
 L - a ring of positive energy (left claw)
 N - a +4 ring of slaying (right claw)
 X - a ring of see invisible
 Z - a +6 ring of dexterity
Wands
 w - a wand of mindburst (32)
 D - a wand of light (23)
 J - a wand of roots (17)
 O - a wand of digging (6)
 Q - a wand of charming (14)
 W - a wand of polymorph (3)
Scrolls
 g - 7 scrolls of fog
 l - 5 scrolls of blinking
 q - 5 scrolls of identify
 s - 3 scrolls of amnesia
 v - 8 scrolls of magic mapping
 E - 12 scrolls of teleportation
 P - 2 scrolls of fear
Potions
 b - a potion of ambrosia
 d - 4 potions of lignification
 e - 7 potions of curing
 h - 5 potions of flight
 m - 2 potions of haste
 o - 5 potions of magic
 p - a potion of might
 t - a potion of berserk rage
 x - 5 potions of heal wounds
 C - 2 potions of mutation
 R - 4 potions of brilliance
 S - a potion of resistance
 U - 4 potions of cancellation
Miscellaneous
 Y - a tin of tremorstones (2/2)


   Skills:
 - Level 10.0 Fighting
 - Level 4.0 Short Blades
 - Level 17.0 Polearms
 - Level 1.7 Throwing
 + Level 5.0 Armour
 - Level 4.0 Dodging
 - Level 3.0 Stealth
 - Level 14.0 Unarmed Combat
 - Level 7.0 Transmutations
 - Level 7.0 Fire Magic
 - Level 7.1 Poison Magic
 - Level 14.0 Invocations
 - Level 5.0 Evocations


You had 13 spell levels left.
You knew the following spells:

 Your Spells              Type           Power      Damage    Failure   Level
a - Ignite Poison         Fire/Tmut/Pois 14%        N/A       6%          3

Your spell library contained the following spells:

 Spells                   Type           Power      Damage    Failure   Level
 Sting                    Tmut/Pois      56%        1d5       2%          1
 Foxfire                  Conj/Fire      28%        2x1d5     9%          1
 Passwall                 Tmut/Erth      5%         N/A       14%         2
 Poisonous Vapours        Pois/Air       14%        N/A       14%         2
 Olgreb's Toxic Radiance  Pois           14%        N/A       21%         4
 Necrotise                Necr           0%         1d4       36%         1
 Slow                     Hex            0%         N/A       36%         1
 Kindle Blastsparks       Fire/Tloc/Air  8%         2d10      41%         3
 Ensorcelled Hibernation  Hex/Ice        0%         N/A       50%         2
 Lesser Beckoning         Tloc           0%         N/A       50%         2
 Static Discharge         Conj/Air       0%         2-2/arc   50%         2
 Sublimation of Blood     Necr           0%         N/A       50%         2
 Blade Hands              Tmut           7%         N/A       52%         5
 Flame Wave               Conj/Fire      7%         2d5       65%         4
 Petrify                  Tmut/Erth      7%         N/A       65%         4
 Confusing Touch          Hex            0%         N/A       75%         3
 Gell's Gravitas          Tloc           0%         N/A       75%         3
 Ozocubu's Armour         Ice            0%         N/A       75%         3
 Portal Projectile        Hex/Tloc       0%         N/A       75%         3
 Swiftness                Air            0%         N/A       75%         3
 Teleport Other           Tloc           0%         N/A       75%         3
 Tukima's Dance           Hex            0%         N/A       75%         3
 Vampiric Draining        Necr           0%         2d6       75%         3
 Vhi's Electric Charge    Tloc/Air       0%         N/A       75%         3
 Irradiate                Conj/Tmut      3%         3d12      94%         5
 Yara's Violent Unravell  Hex/Tmut       3%         3d4       94%         5
 Fulminant Prism          Conj/Hex       0%         3d5       98%         4
 Iskenderun's Mystic Bla  Conj/Tloc      0%         2d3       98%         4
 Passage of Golubria      Tloc           0%         N/A       98%         4
 Arcjolt                  Conj/Air       0%         1d10      100%        5
 Borgnjor's Vile Clutch   Necr/Erth      0%         N/A       100%        5
 Freezing Cloud           Conj/Ice/Air   0%         6-21      100%        5
 Lee's Rapid Deconstruct  Erth           0%         3d4*      100%        5
 Lightning Bolt           Conj/Air       0%         1d11      100%        5
 Metabolic Englaciation   Hex/Ice        0%         N/A       100%        5
 Simulacrum               Ice/Necr       0%         N/A       100%        6
 Statue Form              Tmut/Erth      4%         N/A       100%        6
 Dragon Form              Tmut           7%         N/A       100%        7
 Fire Storm               Conj/Fire      3%         8d1       100%        9


Dungeon Overview and Level Annotations

Branches:
Dungeon (11/15)            Temple (1/1) D:4            Lair (5/5) D:11
  Swamp (2/4) Lair:2        Snake (4/4) Lair:3        Slime (0/5) Lair:5
    Orc (2/2) D:11            Elf (0/3) Orc:2       Gauntlet (visited)

Altars:
Ashenzari
Cheibriados
Dithmenos
Fedhas
Gozag
Hepliaklqana
Kikubaaqudgha
Makhleb
Nemelex Xobeh
Okawaru
Qazlal
Ru
Sif Muna
Trog
Uskayaw
Vehumet
Wu Jian
Xom
Yredelemnul
Jiyva

Shops:
D:5 **   Orc:2 [?=*

Portals:
Pandemonium: Orc:2


Innate Abilities, Weirdness & Mutations

You have claws for hands.
You are completely covered in rugged brown scales. (AC +3, +7% HP)
Your demonic aura often causes spilled blood to erupt in flames.
You regenerate a little health from kills.
Your flesh is heat resistant. (rF+)
You are covered in fur. (AC +1)
Your movements are slightly less encumbered by armour. (ER -2)
You passively dampen the noise of your surroundings.


Message History

The bunyip claws you! The bunyip barely misses you. The bunyip claws you.
Okay, then.
Blink to where?
Press: ? - help, Dir - move target
As you read the scroll of blinking, it crumbles to dust.
The bunyip is engulfed in blazing flames.
A swamp worm comes into view.
You are too injured to fight recklessly!
Reach: B) +9 trident (venom)
Press: ? - help, Dir - move target, f - tyrant leech
Aim: a tyrant leech (lightly wounded, about 32% to evade your +9 trident of venom)
You reach to attack!
You barely miss the tyrant leech.
The tyrant leech is lightly wounded.
Reach: B) +9 trident (venom)
Press: ? - help, Dir - move target, f/p - tyrant leech
Aim: a tyrant leech (lightly wounded, about 32% to evade your +9 trident of venom)
You hit the tyrant leech.
The tyrant leech is poisoned.
You claw the tyrant leech!
The tyrant leech is moderately wounded.
You miss the tyrant leech. You claw the tyrant leech!
The tyrant leech is heavily wounded.
The tyrant leech completely misses you.
Casting: Ignite Poison (mildly dangerous; 6% risk of failure)
Press: ? - help, Q - select action, (/) - cycle Dir - look around, f - activate You ignite the poison in your surroundings!
The tyrant leech seems to burn from within!!
The tyrant leech is almost dead.
The tyrant leech bites you!
The tyrant leech draws strength from your injuries!
You miss the tyrant leech.
The tyrant leech is severely wounded.
The bunyip claws you.
* * * LOW HITPOINT WARNING * * *
The bunyip claws you!
* * * LOW HITPOINT WARNING * * *
The bunyip claws you!!
* * * LOW HITPOINT WARNING * * *
The swamp worm fires a harpoon shot at you.
The harpoon shot hits you!
You die...

~~~~ ~♣...~.........
.....
♣♣~~~~...~♣....
.....
♣.~~~>♣♣♣♣♣.~.~
~~~~.♣♣♣♣♣.~~~.♣
♣...~.
~~~~~~~~~..w~~.♣
♣♣....
~~~~~~~~~~§...♣♣
♣♣♣~♣
~~~~~~~~.~♣~...♣ ♣♣♣
.....~~.☼♣...~♣♣
~~~♣~~§@w§.~.♣♣♣♣♣♣
♣~~~☼x...~♣♣~~≈♣
~§.~~~~....~~♣..♣/♣
♣♣.......~..≈†.♣♣~..
♣.~.♣♣♣~~.♣♣≈♣≈♣x~§♣
♣~.. ♣♣..♣♣≈≈.≈♣♣♣i~
♣..~. ♣...~♣≈~♣♣≈~
♣>♣ ♣♣.. ~.~.~~≈..♣
~.. .♣ ♣♣
~.~..~.~♣.. ♣..≈♣


You could see a bunyip, a tyrant leech and a swamp worm.

Vanquished Creatures
  Vashnia (Snake:2)
  Jorgrun (Orc:1)
  Asterion (Snake:2)
  Gastronok (Lair:1)
  6 nagarajas
  3 eleionomae
  A minotaur (Gauntlet)
  Snorg (D:10)
  7 hydras
  4 salamander tyrants
  3 demonspawn (Orc:2)
  2 ghost crabs
  14 anacondas
  3 two-headed ogres
  12 death yaks
  An alligator (Swamp:1)
  18 naga warriors
  2 boulder beetles
  15 naga sharpshooters
  6 orc high priests (Orc:2)
  6 shock serpents
  Nergalle (Lair:1)
  3 goliath frogs
  8 salamander mystics
  A death drake (Gauntlet)
  2 bog bodies (Swamp:1)
  8 naga ritualists
  A wolf spider zombie (Gauntlet)
  5 orc knights
  A cyclops (D:11)
  9 mana vipers
  5 orc sorcerers (Orc:2)
  21 salamanders
  An oklob plant (Lair:5)
  A spectral centaur (Gauntlet)
  A will-o-the-wisp (Swamp:1)
  3 elephants (Lair:1)
  A rust devil (Orc:2)
  29 black mambas
  13 naga magi
  6 guardian serpents
  Joseph (D:7)
  2 unseen horrors
  17 cane toads
  4 rime drakes
  8 komodo dragons
  2 ice devils (Orc:2)
  2 trolls
  9 tyrant leeches
  2 polar bears
  Prince Ribbit (Lair:1)
  14 blink frogs
  A hornet (Swamp:1)
  A meliai zombie (Gauntlet)
  A dream sheep (Lair:1)
  2 shadows (D:10)
  3 centaur simulacra (Gauntlet)
  A spriggan (Swamp:1)
  5 wyverns
  45 yaks
  A ynoxinul (Orc:2)
  A wraith (D:9)
  Grum (D:8)
  5 steam dragons
  12 vampire mosquitoes
  5 basilisks
  34 nagas
  7 swamp worms
  An acid dragon (D:11)
  11 water moccasins
  Duvessa (D:7)
  A meliai simulacrum (Gauntlet)
  36 orc warriors
  A black bear (Lair:2)
  2 ice beasts
  A sky beast (D:7)
  A swamp drake (Swamp:1)
  A hornet zombie (Gauntlet)
  5 centaurs
  7 ogres
  21 wolves
  2 kobold brigands
  7 gnoll sergeants
  2 scorpions
  13 bullfrogs
  A cane toad simulacrum (Gauntlet)
  A necrophage (D:5)
  12 wights
  Dowan (D:7)
  4 electric eels
  3 howler monkeys
  A crimson imp (D:11)
  7 hounds
  2 jellies (Lair:5)
  30 orc priests
  A gnoll bouda (D:5)
  4 iguanas
  16 orc wizards
  11 hell rats (Lair:3)
  Robin (D:4)
  38 gnolls
  18 river rats (Lair:3)
  12 adders
  2 shadow imps (Gauntlet)
  3 white imps
  2 ufetubi
  2 worms
  2 dart slugs
  104 orcs
  12 endoplasms
  4 giant cockroaches
  20 goblins
  7 hobgoblins
  8 jackals
  8 quokkas
  4 ball pythons
  8 bats
  A frilled lizard (D:2)
  17 kobolds
  16 rats
911 creatures vanquished.

Vanquished Creatures (collateral kills)
  Louise (Snake:2)
  A salamander mystic (Snake:2)
  A salamander (Snake:2)
  An orange demon (Orc:2)
  4 nagas (Snake:2)
  An orc warrior (Orc:2)
  An orc priest (Orc:2)
10 creatures vanquished.

Vanquished Creatures (others)
  2 alligators (Swamp:1)
  A spriggan (Swamp:1)
  A wizard (Gauntlet)
  A hornet (Swamp:1)
  A naga (Snake:2)
  A human (D:6)
  A wight (D:10)
  An orc priest (Orc:1)
  2 orcs (Orc:1)
  A bush (Lair:1)
  A butterfly (D:6)
  4 foxfires (Swamp:1)
  31 fungi
  140 plants
188 creatures vanquished.

Grand Total: 1109 creatures vanquished

Notes
Turn   | Place    | Note
-------+----------+-------------------------------------------
     0 | D:1      | Newt the Demonspawn Gladiator began the quest for the Orb.
     0 | D:1      | Reached XP level 1. HP: 16/16 MP: 1/1
    50 | D:1      | Reached skill level 1 in Stealth
    93 | D:1      | Gained mutation: You have sharp fingernails. [demonic
                  | ancestry]
    93 | D:1      | Reached XP level 2. HP: 16/22 MP: 2/2
   416 | D:1      | Reached XP level 3. HP: 26/27 MP: 3/3
   450 | D:1      | Got the Directory of Brilliant Bones
   989 | D:2      | Found a shadowy altar of Dithmenos.
  1264 | D:2      | Gained mutation: You have very sharp fingernails. [demonic
                  | ancestry]
  1264 | D:2      | Reached XP level 4. HP: 29/34 MP: 4/4
  1422 | D:2      | Identified the +1 leather armour of Noon {rCorr Dex+2}
  1676 | D:2      | You fall into a shaft and drop 2 floors!
  2444 | D:3      | Gained mutation: You are partially covered in rugged brown
                  | scales. (AC +1, +3% HP) [demonic ancestry]
  2444 | D:3      | Reached XP level 5. HP: 36/43 MP: 5/5
  3009 | D:4      | Found a staircase to the Ecumenical Temple.
  3015 | Temple   | Entered the Ecumenical Temple
  3085 | Temple   | Became a worshipper of Makhleb the Destroyer
  3258 | D:4      | Noticed Robin
  3297 | D:4      | Killed Robin
  3581 | D:4      | Found a hazy altar of Hepliaklqana.
  3581 | D:4      | Found a shimmering altar of Xom.
  3582 | D:4      | Found a hide-covered altar of Uskayaw.
  3678 | D:5      | Entered Level 5 of the Dungeon
  3684 | D:5      | Noticed an ogre
  3696 | D:5      | Killed an ogre
  3697 | D:5      | Reached XP level 6. HP: 48/49 MP: 6/6
  3701 | D:5      | Noticed an ice beast
  3734 | D:4      | Killed an ice beast
  3735 | D:4      | Reached skill level 1 in Armour
  4668 | D:5      | Reached * piety under Makhleb
  4669 | D:5      | Gained mutation: Your demonic aura sometimes causes spilled
                  | blood to erupt in flames. [demonic ancestry]
  4669 | D:5      | Reached XP level 7. HP: 34/55 MP: 7/7
  5029 | D:5      | Reached skill level 1 in Polearms
  5043 | D:5      | Reached skill level 2 in Polearms
  5088 | D:5      | Reached skill level 3 in Polearms
  5153 | D:5      | Gained mutation: You are mostly covered in rugged brown
                  | scales. (AC +2, +5% HP) [demonic ancestry]
  5153 | D:5      | Reached XP level 8. HP: 49/63 MP: 8/8
  5268 | D:4      | Reached skill level 4 in Polearms
  5272 | D:4      | Reached ** piety under Makhleb
  5921 | D:5      | Reached skill level 5 in Polearms
  6215 | D:5      | Found Gayluj's General Store.
  6219 | D:5      | Bought a scroll of enchant weapon for 105 gold pieces
  6219 | D:5      | Bought a scroll of identify for 28 gold pieces
  6327 | D:5      | Found Jezeenka's Assorted Antiques.
  6332 | D:5      | Bought 2 scrolls labelled QOUPTYSUYNG for 50 gold pieces
  6332 | D:5      | Bought a scroll labelled MECHYW POUMIASA for 25 gold pieces
  6364 | D:5      | Reached skill level 6 in Polearms
  6455 | D:5      | Identified the +0 scale mail of Divine Intervention {Harm
                  | Fly}
  6571 | D:6      | Reached skill level 1 in Evocations
  6679 | D:6      | HP: 3/63 [orc priest/divine providence (10)]
  6996 | D:6      | Reached skill level 5 in Evocations
  6996 | D:6      | Gained mutation: You are completely covered in rugged brown
                  | scales. (AC +3, +7% HP) [demonic ancestry]
  6996 | D:6      | Reached XP level 9. HP: 57/69 MP: 9/9
  6999 | D:6      | Reached *** piety under Makhleb
  7106 | D:6      | Found an iron altar of Okawaru.
  7323 | D:6      | Reached skill level 5 in Fighting
  7583 | D:6      | Found an ancient bone altar of Kikubaaqudgha.
  7693 | D:7      | Noticed Dowan
  7694 | D:7      | Noticed Duvessa
  7699 | D:7      | Killed Duvessa
  7700 | D:7      | Reached skill level 1 in Invocations
  7702 | D:7      | Killed Dowan
  7751 | D:7      | Noticed Joseph
  7788 | D:7      | Killed Joseph
  7789 | D:7      | Reached skill level 5 in Invocations
  8042 | D:7      | Reached skill level 7 in Polearms
  8361 | D:8      | Gained mutation: Your demonic aura often causes spilled
                  | blood to erupt in flames. [demonic ancestry]
  8361 | D:8      | Reached XP level 10. HP: 81/81 MP: 14/14
  8492 | D:8      | Noticed Grum
  8508 | D:8      | Reached skill level 8 in Polearms
  8566 | D:8      | Reached skill level 9 in Polearms
  8569 | D:8      | Reached skill level 1 in Unarmed Combat
  8576 | D:8      | Reached **** piety under Makhleb
  8587 | D:8      | Killed Grum
  8660 | D:8      | Found a blossoming altar of Fedhas.
  8660 | D:8      | Found a bloodstained altar of Trog.
  8689 | D:8      | Identified the +0 robe of a bazaar {rPois rN+}
  8964 | D:9      | Noticed a two-headed ogre
  8971 | D:9      | Killed a two-headed ogre
  9056 | D:9      | Reached skill level 5 in Unarmed Combat
  9210 | D:9      | Noticed a two-headed ogre
  9217 | D:9      | Killed a two-headed ogre
  9241 | D:9      | Reached XP level 11. HP: 77/86 MP: 15/15
  9756 | D:10     | Entered Level 10 of the Dungeon
  9756 | D:10     | Noticed Snorg
  9762 | D:10     | Killed Snorg
 10877 | D:11     | Found a staircase to the Orcish Mines.
 10962 | D:11     | Reached skill level 10 in Unarmed Combat
 10983 | D:11     | Found a staircase to the Lair.
 11117 | D:11     | Reached ***** piety under Makhleb
 11259 | D:11     | Noticed a two-headed ogre
 11262 | D:11     | Killed a two-headed ogre
 11274 | D:11     | Noticed a five-headed hydra
 11277 | D:11     | Noticed a boulder beetle
 11282 | D:11     | Killed a five-headed hydra
 11294 | D:11     | Killed a boulder beetle
 11295 | D:11     | Reached skill level 10 in Invocations
 11666 | D:11     | Reached XP level 12. HP: 95/95 MP: 19/19
 11732 | Lair:1   | Entered Level 1 of the Lair of Beasts
 11813 | Lair:1   | Noticed Nergalle
 11828 | Lair:1   | Killed Nergalle
 12030 | Lair:1   | Noticed Gastronok
 12036 | Lair:1   | Noticed Prince Ribbit
 12043 | Lair:1   | Killed Prince Ribbit
 12053 | Lair:1   | Killed Gastronok
 12054 | Lair:1   | Reached skill level 10 in Fighting
 12216 | Lair:1   | Found an opulent altar of Gozag.
 12250 | Lair:1   | Noticed a death yak
 12252 | Lair:1   | Noticed a death yak
 12253 | Lair:1   | Noticed a death yak
 12253 | Lair:1   | Noticed a death yak
 12267 | Lair:1   | Killed a death yak
 12272 | Lair:1   | Killed a death yak
 12280 | Lair:1   | Killed a death yak
 12281 | Lair:1   | Reached skill level 10 in Polearms
 12283 | Lair:1   | Killed a death yak
 12570 | Lair:1   | Noticed an eight-headed hydra
 12576 | Lair:1   | Killed an eight-headed hydra
 12792 | Lair:2   | Found a gate leading to a gauntlet.
 12812 | Lair:2   | Reached skill level 11 in Polearms
 12824 | Gauntlet | Entered a Gauntlet
 12824 | Gauntlet | Found a transporter.
 12837 | Gauntlet | Found a transporter.
 12848 | Gauntlet | Found a transporter.
 12852 | Gauntlet | Noticed a two-headed ogre
 12853 | Gauntlet | Found a transporter.
 12856 | Gauntlet | a two-headed ogre changed into a steelbarb worm
 12859 | Gauntlet | Noticed a balrug
 12870 | Gauntlet | Found a transporter.
 12888 | Gauntlet | Found a transporter.
 12900 | Gauntlet | Found a transporter.
 12912 | Gauntlet | Found a transporter.
 12924 | Gauntlet | Found a transporter.
 12928 | Gauntlet | Noticed a death scarab
 12929 | Gauntlet | Noticed a death scarab
 12936 | Gauntlet | Found a transporter.
 12953 | Gauntlet | Found a transporter.
 12971 | Gauntlet | Found a transporter.
 12973 | Gauntlet | Found a transporter.
 12998 | Gauntlet | Found a transporter.
 13000 | Gauntlet | Found a transporter.
 13020 | Gauntlet | Found a transporter.
 13098 | Gauntlet | Found a transporter.
 13118 | Gauntlet | Found a transporter.
 13173 | Gauntlet | a mana viper changed into a two-headed ogre
 13173 | Gauntlet | Noticed a two-headed ogre (glowing shapeshifter)
 13182 | Gauntlet | a two-headed ogre changed into a steelbarb worm
 13514 | Gauntlet | Reached XP level 13. HP: 98/110 MP: 20/20
 13606 | Gauntlet | Noticed a minotaur
 13615 | Gauntlet | Killed a minotaur
 13624 | Gauntlet | Got the Spellbook of Lethal Kindling
 13678 | Lair:2   | Reached skill level 12 in Polearms
 13966 | Lair:2   | Found a staircase to the Swamp.
 13990 | Lair:2   | Reached ****** piety under Makhleb
 14791 | Lair:3   | Found a staircase to the Snake Pit.
 14793 | Lair:3   | You fall into a shaft and drop 2 floors!
 14793 | Lair:5   | Entered Level 5 of the Lair of Beasts
 15082 | Lair:5   | Found a viscous altar of Jiyva.
 15104 | Lair:5   | Found a staircase to the Slime Pits.
 15215 | Lair:5   | Gained mutation: You regenerate a little health from kills.
                  | [demonic ancestry]
 15215 | Lair:5   | Reached XP level 14. HP: 117/117 MP: 21/21
 15331 | Lair:5   | Learned a level 3 spell: Ignite Poison
 15426 | Lair:5   | Identified the +2 hand axe of Duruop {flame, Str+5}
 15893 | Lair:4   | Reached skill level 1 in Transmutations
 15893 | Lair:4   | Reached skill level 1 in Poison Magic
 15899 | Lair:4   | Reached skill level 1 in Fire Magic
 17062 | Lair:3   | Gained mutation: Your flesh is heat resistant. (rF+)
                  | [potion of mutation]
 17062 | Lair:3   | Gained mutation: Your movements are slightly less
                  | encumbered by armour. (ER -2) [potion of mutation]
 17062 | Lair:3   | Gained mutation: You have hidden genetic potential. [potion
                  | of mutation]
 17193 | Orc:1    | Entered Level 1 of the Orcish Mines
 17273 | Orc:2    | Entered Level 2 of the Orcish Mines
 17273 | Orc:2    | Noticed Jorgrun
 17290 | Orc:1    | Killed Jorgrun
 17912 | Orc:2    | Found Fecsikez's General Store.
 17947 | Orc:2    | Found Deudgh's Magic Scroll Shop.
 17989 | Orc:2    | Bought a potion of heal wounds for 90 gold pieces
 17991 | Orc:2    | Bought a scroll of identify for 30 gold pieces
 17991 | Orc:2    | Bought a scroll of identify for 30 gold pieces
 17991 | Orc:2    | Bought a scroll of enchant weapon for 112 gold pieces
 18137 | Orc:2    | Reached skill level 5 in Poison Magic
 18442 | Orc:2    | Reached skill level 5 in Transmutations
 18442 | Orc:2    | Reached skill level 5 in Fire Magic
 18543 | Orc:2    | Found Peor's Jewellery Shoppe.
 18543 | Orc:2    | Found Qekei's Antique Armour Emporium.
 18544 | Orc:2    | Found a one-way gate leading to the halls of Pandemonium.
 18548 | Orc:2    | Bought a smouldering chain mail for 247 gold pieces
 18548 | Orc:2    | Identified the +3 chain mail "Vyvutisk" {Int+3} (You bought
                  | it in a shop on level 2 of the Orcish Mines)
 18699 | Orc:2    | Found a staircase to the Elven Halls.
 19419 | Snake:1  | Entered Level 1 of the Snake Pit
 19479 | Snake:1  | Reached XP level 15. HP: 114/123 MP: 17/22
 20670 | Snake:2  | Gained mutation: You are covered in fur. (AC +1) [hidden
                  | potential]
 20825 | Snake:2  | Noticed Louise
 20835 | Snake:2  | Killed Louise
 21330 | Snake:2  | Noticed Asterion
 21472 | Snake:2  | Reached skill level 13 in Polearms
 21476 | Snake:2  | Killed Asterion
 22042 | Snake:2  | Identified the +0 scale mail of the Present {rC+}
 22166 | Snake:2  | Noticed Vashnia
 22210 | Snake:2  | Killed Vashnia
 22227 | Snake:2  | Reached skill level 14 in Polearms
 22819 | Snake:3  | Reached XP level 16. HP: 65/130 MP: 23/23
 23400 | Snake:3  | Reached skill level 15 in Polearms
 23697 | Snake:3  | Gained mutation: You passively dampen the noise of your
                  | surroundings. [hidden potential]
 23697 | Snake:3  | Lost mutation: You have hidden genetic potential. [hidden
                  | potential expressed]
 24585 | Snake:4  | Entered Level 4 of the Snake Pit
 24873 | Snake:4  | Reached skill level 16 in Polearms
 25809 | Snake:4  | Reached skill level 17 in Polearms
 26593 | Snake:4  | Got a serpentine rune of Zot
 26978 | Swamp:1  | Entered Level 1 of the Swamp
 27032 | Swamp:1  | Gained mutation: You have claws for hands. [demonic
                  | ancestry]
 27032 | Swamp:1  | Reached XP level 17. HP: 117/136 MP: 26/26
 28808 | Swamp:2  | Reached skill level 5 in Armour
 28820 | Swamp:2  | HP: 3/132 [bunyip[a spriggan druid] (24)]
 28820 | Swamp:2  | Killed from afar by a swamp worm

Illustrated notes

Levels and vault maps discovered:
D:1:      scummos_arrival_checkerplants, layout_loops_ring, st_stairs_10,
          kennysheep_pointless_box
D:2:      layout_loops_ring, basic_altar, minmay_octomino_e4
D:3:      layout_loops_ring, minmay_misc_feat_hallway,
          dreamdust_mushroom_princess
D:4:      layout_loops_corners, gammafunk_temple_overflow_forgotten,
          temple_green, chequers_serial_rivers_micro_c, uniq_robin
D:5:      layout_cave_pools, serial_gnoll_camp, gnoll_camp_mini_shop,
          gnoll_camp_huts_moat, gnoll_camp_mini_shop, gnoll_camp_mini_loothouse,
          gnoll_camp_mini_basic, gnoll_camp_mini_hut
D:6:      layout_loops_ring, tgw_kikubaaqudgha, nicolae_elyvilon_peaceful_grove,
          kennysheep_okawaru_gauntlet
D:7:      layout_rooms, uniq_joseph, uniq_duvessa
D:8:      layout_loops_ring, bloody_trog, overflow_temple_1_default,
          eino_tiny_chamber, uniq_grum
D:9:      layout_irregular_city
D:10:     layout_loops_ring, minivault_4, uniq_snorg
D:11:     layout_roguey, lair_entry_dummy, hiddenorc1_lemuel, special_room
          [special_room_orc], minmay_fire_ice_demons
Temple:   eino_temple_lava
Lair:1:   layout_regular_city, basic_altar, grunt_forest_large_clearing_hut,
          uniq_gastronok, uniq_prince_ribbit2, uniq_nergalle
Lair:2:   layout_chaotic_city, minmay_swamp_entry_worms, gauntlet_entry_generic,
          serial_bayou_shore_a
Lair:3:   lemuel_ratsnest, layout_misc_corridors, guppyfry_snake_entry_garden,
          kennysheep_rathole, lemuel_fruit_fields, infiniplex_staircase_pool
Lair:4:   layout_roguey, grunt_megastairs_3, infiniplex_staircase_pool_2
Lair:5:   minmay_lair_end_frog_pond, layout_long_grid,
          nicolae_slime_entry_field_trip
Swamp:1:  layout_falls_marsh, nicolae_swamp_very_dense_foliage, swamp_pool4
Swamp:2:  layout_basic_swamp, evilmike_swamp_ruin_rubble_2, swamp_pool1,
          hangedman_swamp_grove
Snake:1:  layout_gridlike, serial_bayou_crossing
Snake:2:  layout_concentric_octagons, uniq_vashnia, uniq_asterion, uniq_louise
Snake:3:  layout_layer_cave, nicolae_snake_snakes_in_the_grass,
          serial_bayou_shore_b
Snake:4:  johnstein_snake_rune_scales, layout_basic
Orc:1:    layout_caves
Orc:2:    pf_orc_diabolical, layout_caves, uniq_jorgrun

Skill      XL: |  1  2  3  4  5  6  7  8  9 10 11 12 13 14 15 16 17 |
---------------+----------------------------------------------------+-----
Stealth        | 1 2 3 |  3.0
Fighting       | 4 6 10 | 10.0
Short Blades   | 4 |  4.0
Dodging        | 3 4 |  4.0
Armour         | 2 4 5 |  5.0
Polearms       | 3 6 7 9 11 12 14 17 | 17.0
Evocations     | 5 |  5.0
Invocations    | 6 10 12 14 | 14.0
Unarmed Combat | 7 10 13 14 | 14.0
Transmutations | 5 7 |  7.0
Poison Magic   | 6 7 |  7.1
Fire Magic     | 5 7 |  7.0
Throwing       | |  1.7

Action                   |  1- 3 |  4- 6 |  7- 9 | 10-12 | 13-15 | 16-18 || total
-------------------------+-------+-------+-------+-------+-------+-------++-------
Melee: Rapier            |   153 |   197 |    37 |       |       |       ||   387
       Punch             |     1 |     1 |       |    24 |    76 |    47 ||   149
       Trident           |       |       |   309 |   523 |  1259 |   670 ||  2761
Throw: Javelin           |     1 |     1 |       |       |       |       ||     2
       Dart              |       |     6 |     1 |       |       |       ||     7
       Throwing net      |       |     4 |     1 |     1 |       |       ||     6
 Cast: Ignite Poison     |       |       |       |       |    24 |    15 ||    39
Invok: Greater Servant o |       |       |       |       |     3 |       ||     3
       Major Destruction |       |       |       |       |     3 |       ||     3
Evoke: Wand              |       |       |       |       |     6 |       ||     6
  Use: Scroll            |     2 |     6 |     5 |    13 |    13 |     9 ||    48
       Potion            |       |       |       |     3 |     3 |       ||     6
 Stab: Sleeping          |     2 |     9 |    11 |     9 |    17 |     2 ||    50
       Held in net/web   |       |     1 |       |     3 |       |       ||     4
       Distracted        |       |       |     2 |     1 |     5 |       ||     8
Armor: Leather armour    |    38 |    74 |    82 |   117 |    89 |       ||   400
       Troll leather arm |       |       |       |       |   134 |   165 ||   299
Dodge: Dodged            |   120 |   208 |   325 |   261 |   640 |   306 ||  1860

Table legend: (Time is in decaauts)
 A = Elapsed time spent in this place.
 B = Non-inter-level travel time spent in this place.
 C = Inter-level travel time spent in this place.
 D = Time resting spent in this place.
 E = Time spent auto-exploring this place.
 F = Levels seen in this place.
 G = Mean time per level.
                   A        B        C        D        E       F      G
               +--------+--------+--------+--------+--------+-----+--------+
         Total |  28256 |  27094 |   1162 |   6326 |  13912 |  26 | 1086.8 |
       Dungeon |  11684 |  11321 |    363 |   2542 |   6528 |  11 | 1062.2 |
        Temple |     79 |     57 |     22 |      0 |     49 |   1 |   79.0 |
          Lair |   4845 |   4503 |    342 |    789 |   2789 |   5 |  969.0 |
         Swamp |   1615 |   1590 |     25 |    488 |    704 |   2 |  807.5 |
     Snake Pit |   7213 |   6931 |    282 |   1742 |   2749 |   4 | 1803.2 |
  Orcish Mines |   2042 |   1917 |    125 |    615 |    770 |   2 | 1021.0 |
      Gauntlet |    774 |    774 |      0 |    149 |    321 |   1 |  774.0 |
               +--------+--------+--------+--------+--------+-----+--------+

Top non-repeatable levels by time:
 Snake:2: 2528 daAuts
     D:4: 2389 daAuts
 Snake:4: 1874 daAuts
 Snake:3: 1620 daAuts
     D:5: 1508 daAuts
   Orc:2: 1477 daAuts
  Lair:2: 1339 daAuts
 Swamp:1: 1258 daAuts
 Snake:1: 1190 daAuts
    D:11: 1179 daAuts
  Lair:1: 1130 daAuts
     D:2: 1000 daAuts
     D:6: 958 daAuts
  Lair:5: 957 daAuts
     D:3: 912 daAuts
